 Dungeon Crawl Stone Soup version 0.27-a0-1548-gf8a67e7463 (webtiles) character file.

Game seed: 8000259046416527578

8 Morbidden the Skirmisher (level 2, 15/24 HPs)
             Began as a Demonspawn Fighter on July 14, 2021.
             Quit the game on level 1 of the Dungeon.
             The game lasted 00:00:35 (184 turns).

Morbidden the Skirmisher (Demonspawn Fighter)        Turns: 184, Time: 00:00:36

Health: 15/24      AC:  6    Str: 16    XL:     2   Next: 0%
Magic:  2/2        EV:  6    Int:  9    God:
Gold:   9          SH:  8    Dex: 12    Spells: 1/1 levels left

rFire    . . .     SeeInvis .   a - +0 long sword
rCold    . . .     Faith    .   c - +0 kite shield
rNeg     . . .     Spirit   .   b - +0 scale mail
rPois    .         Reflect  .   (helmet restricted)
rElec    .         Harm     .   (no cloak)
rCorr    .         Rampage  .   (no gloves)
Will     .....                  (no boots)
Stlth    ..........             (no amulet)
HPRegen  0.08/turn              (no ring)
MPRegen  0.08/turn              (no ring)

@: no status effects
A: antennae 1
a: no special abilities


You were on level 1 of the Dungeon.
You visited 1 branch of the dungeon, and saw 1 of its levels.

You collected 9 gold pieces.

Inventory:

Hand Weapons
 a - a +0 long sword (weapon)
Armour
 b - a +0 scale mail (worn)
 c - a +0 kite shield (worn)
Scrolls
 e - a scroll of noise {unknown}
Potions
 d - a potion of might


   Skills:
 + Level 3.1 Fighting
 + Level 1.8 Long Blades
 + Level 2.8 Armour
 + Level 3.0 Shields


You had one spell level left.
You didn't know any spells.
Your spell library contained the following spells:

 Spells                   Type           Power      Damage    Failure   Level
 Static Discharge         Conj/Air       0%         N/A       100%        2
 Lightning Bolt           Conj/Air       0%         1d11      100%        5
 Maxwell's Capacitive Co  Air            0%         ∞         100%        8


Dungeon Overview and Level Annotations

Branches:
Dungeon (1/15)

Altars:


Innate Abilities, Weirdness & Mutations

You have a pair of small antennae on your head.


Message History

A bat is nearby!
You don't know any spells.
Unknown command.
Okay, then.
Unknown command.
Unknown command.
The bat hits you but does no damage. The bat hits you but does no damage.
Items here: ) †††.
The bat hits you but does no damage. x2; You block the bat's attack.
You closely miss the bat. You block the bat's attack.
The bat barely misses you. You block the bat's attack.
Your shield and scale mail prevent you from hitting the bat.
The bat barely misses you. The bat completely misses you.
The bat hits you but does no damage. x2
You hit the bat.
You kill the bat!
You block the bat's attack. The bat hits you but does no damage.
You block the bat's attack.
You closely miss the bat. The bat hits you but does no damage.
The bat barely misses you.
You riposte.
You hit the bat.
You kill the bat!
The bat barely misses you. The bat hits you but does no damage.
You block the bat's attack.
You hit the bat.
The bat is severely wounded.
You block the bat's attack.
You barely miss the bat.
The bat is severely wounded.
The bat hits you.
A kobold comes into view. It is wielding a +0 short sword.
The bat hits you but does no damage. The bat closely misses you.
The kobold moves out of view.
You hit the bat.
You kill the bat!
You have reached level 2!
Your demonic ancestry asserts itself...
A pair of antennae grows on your head!
Unknown command.
Are you sure you want to abandon this character and quit the game? (Confirm with "yes".)

# #. . ##..# #.#
.###. ....# ..
.....####.##.##.#
#.......##....
#...........
######..###..#
#........##††#
#.######..#@.#
##.# ##.)†.#
##..# ###.......
#..## ........
####.## ...####..
...).### #...# .
###†...#### #.#.#
#.##.....# #. .#
#.....##.# .#


There were no monsters in sight!

Vanquished Creatures
  A goblin (D:1)
  A hobgoblin (D:1)
  A kobold (D:1)
  3 bats (D:1)
  2 frilled lizards (D:1)
8 creatures vanquished.

Notes
Turn   | Place    | Note
-------+----------+-------------------------------------------
     0 | D:1      | Morbidden the Demonspawn Fighter began the quest for the
                  | Orb.
     0 | D:1      | Reached XP level 1. HP: 18/18 MP: 1/1
   184 | D:1      | Gained mutation: You have a pair of small antennae on your
                  | head. [demonic ancestry]
   184 | D:1      | Reached XP level 2. HP: 15/24 MP: 2/2
   184 | D:1      | Quit the game

Illustrated notes

Levels and vault maps discovered:
D:1:      sevenhm_arrival_forest_fort_small_3, layout_rooms

Skill      XL: |  1 |
---------------+----+-----
Shields        | 3 |  3.0
Fighting       | |  3.1
Long Blades    | |  1.8
Armour         | |  2.8

Action                   || total
-------------------------++-------
Melee: Long sword        ||    24
Armor: Scale mail        ||    13
Dodge: Dodged            ||     9
Block: Kite shield       ||    13
       Rpst.: Long sword ||     2

Table legend: (Time is in decaauts)
 A = Elapsed time spent in this place.
 B = Non-inter-level travel time spent in this place.
 C = Inter-level travel time spent in this place.
 D = Time resting spent in this place.
 E = Time spent auto-exploring this place.
 F = Levels seen in this place.
 G = Mean time per level.
                   A        B        C        D        E       F      G
               +--------+--------+--------+--------+--------+-----+--------+
         Total |    198 |    198 |      0 |      0 |    143 |   1 |  198.0 |
       Dungeon |    198 |    198 |      0 |      0 |    143 |   1 |  198.0 |
               +--------+--------+--------+--------+--------+-----+--------+

Top non-repeatable levels by time:
     D:1: 198 daAuts
